 Dungeon Crawl Stone Soup version 0.22-a0-799-g88f5e90 (webtiles) character file.

1236 muxecoid the Digger (level 8, -7/57 HPs)
             Began as a Formicid Earth Elementalist on July 21, 2018.
             Was a Believer of Cheibriados.
             Mangled by a two-headed ogre
             ... wielding a +0 giant club
              (22 damage)
             ... on level 8 of the Dungeon.
             The game lasted 00:34:11 (6123 turns).

muxecoid the Digger (Formicid Earth Elementalist)   Turns: 6123, Time: 00:34:11

Health: -7/57      AC:  4    Str: 16    XL:     8   Next: 78%
Magic:  2/14       EV: 12    Int: 20    God:    Cheibriados [**....]
Gold:   364        SH:  0    Dex: 17    Spells: 8/15 levels left

rFire    . . .     SeeInvis +   u - +0 blowgun (curse)
rCold    + . .     Gourm    .   (no shield)
rNeg     . . .     Faith    .   j - +0 leather armour {rC+}
rPois    .         Spirit   .   (helmet unavailable)
rElec    .         Reflect  .   (no cloak)
rCorr    .         Harm     .   w - +0 pair of gloves
MR       +....                  (no boots)
Stlth    +++.......             (no amulet)
HPRegen  0.19/turn              e - ring of protection from magic (curse)
MPRegen  0.14/turn              (no ring)

@: very slow
A: permanent stasis, dig shafts and tunnels, four strong arms, antennae 3
a: Dig, Shaft Self, Bend Time, Renounce Religion


You were on level 8 of the Dungeon.
You worshipped Cheibriados.
Cheibriados was pleased with you.
You were hungry.

You visited 2 branches of the dungeon, and saw 11 of its levels.

You collected 364 gold pieces.

Inventory:

Hand Weapons
 a - a +2 dagger of venom
 u - a cursed +0 blowgun (weapon)
Missiles
 b - 63 stones
 g - 7 needles of sleeping
 v - 32 poisoned needles (quivered)
Armour
 c - a +0 robe
 j - a +0 leather armour of cold resistance (worn)
 w - a +0 pair of gloves (worn)
Jewellery
 e - a cursed ring of protection from magic (left hand)
Scrolls
 k - a scroll of magic mapping
 o - a scroll of identify
Potions
 h - 3 potions of mutation {unknown}
 i - a potion of magic {unknown}
 l - a potion of might {unknown}
 m - 2 potions of cancellation {unknown}
 n - 2 potions of heal wounds
 r - a potion of brilliance
 t - 5 potions of curing
Comestibles
 d - 8 rations


   Skills:
 + Level 2.7 Fighting
 + Level 1.2 Short Blades
 - Level 1.0 Throwing
 + Level 3.8 Armour
 - Level 2.2 Dodging
 * Level 5.9 Stealth
 - Level 4.0 Spellcasting
 - Level 4.0 Transmutations
 - Level 7.1 Earth Magic


You had 8 spell levels left.
You knew the following spells:

 Your Spells              Type           Power        Failure   Level  Hunger
a - Sandblast             Erth           ####..       1%          1    None
b - Passwall              Tmut/Erth      ####....     2%          2    #......
c - Petrify               Tmut/Erth      ####....     16%         4    ####...

Your spell library contained the following spells:

 Spells                   Type           Power        Failure   Level  Hunger
 Throw Frost              Conj/Ice       #.....       22%         2    #......
 Freeze                   Ice            #...         16%         1    None
 Summon Ice Beast         Ice/Summ       #.......     83%         4    ####...
 Ozocubu's Armour         Chrm/Ice       #.......     41%         3    ###....
 Stone Arrow              Conj/Erth      ###...       11%         3    ###....
 Throw Icicle             Conj/Ice       #.......     83%         4    ####...
 Lee's Rapid Deconstruct  Erth           ####......   22%         5    ######.


Dungeon Overview and Level Annotations

Branches:
Dungeon (10/15)            Temple (1/1) D:4
   Lair: D:8-11         Orc: D:9-12

Altars:
Ashenzari
Cheibriados
Dithmenos
Elyvilon
Fedhas
Gozag
Hepliaklqana
Kikubaaqudgha
Makhleb
Nemelex Xobeh
Okawaru
Qazlal
Sif Muna
Trog
Uskayaw
Vehumet
Wu Jian
Xom
Yredelemnul
Zin
The Shining One

Shops:
D:4 [   D:6 *=

Annotations:
D:9 Erica


Innate Abilities, Weirdness & Mutations

You cannot be hasted, slowed, berserked, paralysed or teleported.
You can dig through walls and to a lower floor.
Your four strong arms can wield two-handed weapons with a shield.
You have a pair of large antennae on your head. (SInv)


Message History

The blast of sand hits the gnoll.
The gnoll is almost dead.
b - 63 stones The gnoll hits you with a flail.
Are you sure you want to shaft yourself?
You are feeling hungry.
The gnoll hits you but does no damage.
You begin to dig a shaft.
You continue digging a shaft.
The gnoll barely misses you. A shaft appears beneath you!
You fall through a shaft for 3 floors!
The shaft crumbles and collapses.
A two-headed ogre comes into view.
It is wielding a giant club and a giant spiked club.
The two-headed ogre shouts in stereo!
Are you sure you want to shaft yourself?
You feel somewhat more hungry.
The two-headed ogre hits you with a giant club!
* * * LOW HITPOINT WARNING * * *
The two-headed ogre hits you with a giant spiked club!!
You die...

######..##.........;≈{≈≈≈..
#....##...##..≈≈≈;...#
############# ≈≈≈≈≈. ....
≈≈≈ ..... .≈ .....# .
......### ......O.##
.......@.# #........#
#.......... ........##...
#.......# #### ........#
.#......# #......#


You could see a two-headed ogre.

Vanquished Creatures
  A black bear (D:6)
  A sky beast (D:7)
  An ogre (D:6)
  2 centaurs
  A scorpion (D:4)
  A howler monkey (D:4)
  A jelly (D:8)
  A gnoll shaman (D:5)
  An orc priest (D:4)
  4 hounds
  2 orc wizards (D:4)
  An iguana (D:6)
  4 worker ants
  A hound skeleton (D:9)
  9 gnolls
  5 adders
  2 shadow imps
  2 oozes
  An adder skeleton (D:5)
  2 worms (D:2)
  2 dart slugs
  5 leopard geckos
  21 orcs
  12 bats
  12 giant cockroaches
  8 goblins
  5 hobgoblins
  12 jackals
  6 quokkas
  A ball python (D:4)
  7 frilled lizards
  8 kobolds
  9 rats
151 creatures vanquished.

Notes
Turn   | Place    | Note
-------+----------+-------------------------------------------
     0 | D:1      | muxecoid the Formicid Earth Elementalist began the quest for the Orb.
     0 | D:1      | Reached XP level 1. HP: 13/13 MP: 3/3
   169 | D:1      | Reached XP level 2. HP: 11/19 MP: 1/5
   317 | D:1      | Reached skill level 4 in Earth Magic
   480 | D:1      | Learned a level 2 spell: Passwall
   795 | D:2      | Reached XP level 3. HP: 24/24 MP: 2/6
  1012 | D:2      | Reached skill level 1 in Armour
  1051 | D:2      | Found a hazy altar of Hepliaklqana.
  1057 | D:2      | Reached XP level 4. HP: 30/30 MP: 7/7
  1140 | D:2      | Noticed a hand axe
  1256 | D:2      | Noticed a hand axe
  1257 | D:2      | Found a hide-covered altar of Uskayaw.
  1680 | D:2      | Found a shimmering altar of Xom.
  1832 | D:3      | Reached XP level 5. HP: 35/35 MP: 5/9
  2026 | D:3      | Learned a level 4 spell: Petrify
  2283 | D:3      | Reached skill level 1 in Fighting
  2874 | D:3      | Reached skill level 5 in Earth Magic
  2874 | D:3      | Reached XP level 6. HP: 38/43 MP: 3/10
  3128 | D:4      | Found a staircase to the Ecumenical Temple.
  3314 | Temple   | Entered the Ecumenical Temple
  3475 | Temple   | Became a worshipper of Cheibriados the Contemplative
  3864 | D:4      | Noticed an ogre
  3917 | D:5      | Entered Level 5 of the Dungeon
  3926 | D:4      | Reached skill level 1 in Short Blades
  3963 | D:4      | Reached XP level 7. HP: 39/48 MP: 7/13
  4129 | D:4      | You fall through a shaft for 2 floors!
  4133 | D:6      | Found Utrigo's Jewellery Shoppe.
  4329 | D:6      | Reached skill level 6 in Earth Magic
  4509 | D:6      | Found Woelon's Assorted Antiques.
  4600 | D:7      | Reached skill level 1 in Throwing
  4656 | D:7      | Reached XP level 8. HP: 54/54 MP: 10/14
  4691 | D:7      | Reached * piety under Cheibriados
  4865 | D:7      | You fall through a shaft for 3 floors!
  4865 | D:10     | Entered Level 10 of the Dungeon
  4968 | D:9      | Reached skill level 5 in Stealth
  5010 | D:9      | Found a shattered altar of Ashenzari.
  5050 | D:9      | Noticed Erica
  5350 | D:8      | Found an ornate altar of the Wu Jian Council.
  5380 | D:7      | Reached skill level 7 in Earth Magic
  5669 | D:4      | Found Mili's Armour Shop.
  5850 | D:5      | Reached ** piety under Cheibriados
  6122 | D:5      | You fall through a shaft for 3 floors!
  6122 | D:8      | Noticed a two-headed ogre
  6123 | D:8      | Mangled by a two-headed ogre

Vault maps used:
D:1:      wheals_arrival_linesprint
D:2:      minmay_roachtagon, lemuel_round_altar, dancing_weapons_uskayaw,
          old_standard_altar
D:3:      st_stairs_12
D:4:      minmay_temple_entry_glass, first_ration, serial_shops,
          kennysheep_mini_moat
D:5:      nicolae_ru_sacrificial_ziggurat, lemuel_crystal_altar
D:6:      serial_shops, shop, shop, nicolae_shop_overgrown_old_shop,
          nicolae_shop_trees
D:7:      grunt_ogre_cave, hangedman_decor_clover_reticule,
          uniq_crazy_yiuf_cottage
D:8:      basic_altar, gammafunk_ghost_nasty_kobolds
D:9:      nicolae_ashenzari_panopticon, enter_bailey_2, minivault_20,
          kennysheep_generic_room_4, uniq_erica, uniq_erolcha
D:10:     orc_0_dummy
Temple:   nicolae_temple_elliptical

Skill      XL: |  1  2  3  4  5  6  7  8 |
---------------+-------------------------+-----
Earth Magic    | 4 5 6 7 |  7.1
Dodging        | 2 |  2.2
Armour         | 1 2 3 |  3.8
Stealth        | 3 4 5 |  5.9
Spellcasting   | 3 4 |  4.0
Fighting       | 1 2 |  2.7
Short Blades   | 1 |  1.2
Transmutations | 2 4 |  4.0
Throwing       | 1 |  1.0

Action                   |  1- 3 |  4- 6 |  7- 9 || total
-------------------------+-------+-------+-------++-------
Melee: Dagger            |    57 |   126 |       ||   183
       Blowgun           |       |       |     5 ||     5
 Fire: Blowgun           |       |       |    70 ||    70
 Cast: Sandblast         |    23 |    55 |    85 ||   163
       Passwall          |     3 |     3 |       ||     6
 Abil: Dig               |       |     3 |     2 ||     5
       Shaft Self        |       |       |     4 ||     4
  Use: Potion            |     2 |       |       ||     2
       Scroll            |       |     7 |     2 ||     9
 Stab: Sleeping          |     4 |     8 |       ||    12
       Distracted        |       |     1 |       ||     1
  Eat: Chunk             |     1 |    10 |     5 ||    16
Armor: Robe              |     7 |       |       ||     7
       Leather armour    |     9 |    34 |    18 ||    61
Dodge: Dodged            |    46 |    75 |    32 ||   153

Table legend:
 A = Spawn XP
 B = Non-spawn XP
 C = Spawn XP percentage of total XP
 D = Spawn monster count
 E = Non-spawn monster count
 F = Spawn count percentage of total count
 G = Total turns spent on level
                    A         B        C        D         E        F      G
               +---------+---------+-------+---------+---------+-------+---------
         Total |       0 |    1766 |   0.0 |       0 |     151 |   0.0 |  6123
               +---------+---------+-------+---------+---------+-------+---------
           D:1 |       0 |      27 |   0.0 |       0 |      18 |   0.0 |   789
           D:2 |       0 |      88 |   0.0 |       0 |      36 |   0.0 |  1050
           D:3 |       0 |     158 |   0.0 |       0 |      42 |   0.0 |  1263
           D:4 |       0 |     374 |   0.0 |       0 |      21 |   0.0 |  1182
           D:5 |       0 |     238 |   0.0 |       0 |       7 |   0.0 |   144
           D:6 |       0 |     383 |   0.0 |       0 |       7 |   0.0 |   508
           D:7 |       0 |     319 |   0.0 |       0 |       9 |   0.0 |   521
           D:8 |       0 |      90 |   0.0 |       0 |       6 |   0.0 |   220
           D:9 |       0 |      77 |   0.0 |       0 |       4 |   0.0 |   224
          D:10 |       0 |      12 |   0.0 |       0 |       1 |   0.0 |    51
               +---------+---------+-------+---------+---------+-------+---------
